cohdb
Replays
Latest Replays
All Replays
Popular Replays
Top Player Replays
Match Explorer
How It Works
Community
CoH3 Stats
Reddit
Sign in to upload your games and track your stats! →
Sign in with Steam
Match 43050487
Unlisted
Match 43050487
Overview
Messages
Build Orders
End
Construct Barracks
Selects Heavy Weapons
Scout Squad
Riflemen Squad
M1 Mortar Team
Riflemen Squad
Riflemen Squad
Infantry Support Center
Construct Medical Station
Construct Weapon Support Center
M3 Armored Personnel Carrier
M3 Armored Personnel Carrier
Selects Assault Carriers
Selects Exchangeable Parts
Engineer Squad
M1919 Machine Gun Team
Selects M2HB .50cal Heavy Machine Gun
Advanced Logistics
M1918 Browning Automatic Rifles
Riflemen Squad
Selects Rapid Reposition
M1919 Machine Gun Team
Scout Squad
M3 Assault Carrier
Bazooka Squad
M3 Assault Carrier
Bazooka Squad
Construct Tank Depot
Selects Bolstered Team Weapons
M4A1 Sherman Medium Tank
woof_raff
Friendly Mouse(Poxie)
Dallas
Erwin Rommel
0
0
Comments
sign in to comment!
No comments posted yet!